AoeStats
← Alseth

Arena

505664798Analyzed
1v1 RM · 23d ago on Sep 10, 2026· 36m 2s· 2 players
Game mode
Random Map
Map size
Tiny (2 player)
Population
200
Speed
Normal
Resources
Standard
Victory
Conquest
Starting age
Dark Age
Ending age
Imperial Age
RankedLock teamsTeams togetherTeam positionsShared explorationLock speedFull tech treeHidden civsTurbo modeCheats
Victory
Defeat
🇮🇹 Bohemians · Italy
1015
+17
🇨🇿 Turks · Czechia
1047
-17
DaffySpace6253
10:16 Feudal Age
14:52 Castle Age
15:35 Pikeman
24:05 Horse Collar
24:49 Double-Bit Axe
26:46 Wheelbarrow
25:57 Loom
27:44 Hand Cart
28:25 Ballistics
28:29 Bow Saw
29:22 Fletching
30:37 Chemistry
29:48 Elite Skirmisher
34:24 Imperial Age
32:41 Bodkin Arrow
Alseth
11:06 Feudal Age
15:02 Castle Age
12:53 Double-Bit Axe
13:21 Horse Collar
17:18 Bow Saw
19:16 Wheelbarrow
19:51 Gold Mining
21:08 Heavy Plow
25:42 Imperial Age
25:11 Gold Shaft Mining
27:44 Hand Cart
29:31 Town Watch
30:16 Loom
31:41 Town Patrol
31:49 Padded Archer Armor
32:52 Leather Archer Armor
Connection lost

Rejoining the realm…

Still unreachable

The connection could not be restored.

Session expired

The server has moved on; the page needs a fresh start.